 Dungeon Crawl Stone Soup version 0.13-a0-1775-g6c024ba (webtiles) character file.

283 Charos the Poker (level 5, -4/43 HPs)
             Began as a Djinni Skald on June 23, 2013.
             Was a Follower of Makhleb.
             Slain by a yellow wasp (9 damage)
             ... on Level 3 of the Dungeon.
             The game lasted 00:11:37 (2055 turns).

Charos the Poker (Djinni Skald)                     Turns: 2055, Time: 00:11:39

HP  -4/43        AC  4     Str 14      XL: 5   Next:  2%
MP   0/0         EV 10     Int 12      God: Makhleb [*.....]
Gold 143         SH  0     Dex 12      Spells:  0 memorised,  8 levels left

Res.Fire  : + + +   See Invis. : .   a - +0 trident
Res.Cold  : x . .   Warding    : .   h - +0 leather armour
Life Prot.: + + +   Conserve   : .   (no shield)
Res.Poison: .       Res.Corr.  : .   (no helmet)
Res.Elec. : .       Clarity    : .   i - +0 cloak
Sust.Abil.: . .     Spirit.Shd : .   (no gloves)
Res.Mut.  : .       Stasis     : .   (boots unavailable)
Res.Rott. : .       Flight     : .   (no amulet)
Saprovore : . . .                    (no ring)
                                     (no ring)

@: quite poisoned, slowed, very slow, slightly resistant to hostile
enchantments, very unstealthy
A: no striking features
a: Renounce Religion


You were on level 3 of the Dungeon.
You worshipped Makhleb.
Makhleb was pleased with you.
You were not hungry.

You visited 1 branch of the dungeon, and saw 3 of its levels.

You collected 123 gold pieces.

Inventory:

Hand weapons
 a - a +0,+0 trident (weapon)
 b - a +2,+0 sling of velocity
 g - a +1,+2 orcish dagger of draining (quivered)
 l - a +1,+1 spear {=f}
 q - a +2,+0 elven spear
Missiles
 o - 7 sling bullets
Armour
 h - a +0 leather armour (worn)
 i - a +0 cloak (worn)
Scrolls
 f - a scroll of identify
Potions
 d - 2 potions of heal wounds
 n - 3 potions of curing
Books
 c - a book of War Chants

   Spells                             Type                      Level
   Fire Brand                         Charms/Fire                  2
   Freezing Aura                      Charms/Ice                   2
   Shroud of Golubria                 Charms/Translocation         2
   Repel Missiles                     Charms/Air                   2
   Poison Weapon                      Charms/Poison                3
   Regeneration                       Charms/Necromancy            3


   Skills:
 + Level 1.7 Fighting
 * Level 5.7 Polearms
 + Level 0.0 Slings
 + Level 1.1 Armour
 - Level 0.8 Dodging
 - Level 2.4 Spellcasting
   Level 3.0 Charms


You had 8 spell levels left.
You didn't know any spells.

Dungeon Overview and Level Annotations

Branches:
Dungeon (3/27)

Altars:
Makhleb
Nemelex Xobeh


Message History

You are more poisoned.
You feel yourself slow down.
The yellow wasp stings you but does no damage.
You barely miss the yellow wasp.
The yellow wasp is severely wounded.
The yellow wasp stings you but does no damage.
The yellow wasp stings you!
You are more poisoned.
You feel as though you will be slow longer.
You barely miss the yellow wasp.
The yellow wasp is severely wounded.
You feel sick. The yellow wasp barely misses you. The yellow wasp misses you.
You completely miss the yellow wasp.
The yellow wasp is severely wounded.
You feel yourself speed up. The yellow wasp stings you!
* * * LOW HITPOINT WARNING * * *
You are more poisoned.
You feel yourself slow down. The yellow wasp stings you!
You die...

#####....##...
#.#....... ..
#.####### ..#
#########.#
#.. .
#.........#
#.. ..
#.#########
.y#.# #
#.)....>..#
..< ..#
#########.#
####.#......
#.####.@yb...#
#.##...#####.#
#.##.#.#
#.##.#.#
#.##.#.#
#....#.#
###..#..
#..### #..#


You could see a yellow wasp and a bat.

Vanquished Creatures
  An ogre (D:3)
  An adder (D:2)
  An inept feature mimic (D:2)
  An orc (D:3)
  2 ball pythons (D:1)
  A giant cockroach (D:1)
  6 hobgoblins
  4 kobolds (D:1)
  A quokka (D:2)
  6 bats
  A giant newt (D:1)
  10 goblins
  4 rats
39 creatures vanquished.

Notes
Turn   | Place    | Note
--------------------------------------------------------------
     0 | D:1      | Charos, the Djinni Skald, began the quest for the Orb.
     0 | D:1      | Reached XP level 1. HP: 15/15 MP: 0/0
   157 | D:1      | Found a burning altar of Makhleb.
   168 | D:1      | Became a worshipper of Makhleb the Destroyer
   303 | D:1      | Reached XP level 2. EP: 22/22
   955 | D:2      | Found a sparkling altar of Nemelex Xobeh.
  1026 | D:2      | Reached skill level 4 in Polearms
  1026 | D:2      | Reached XP level 3. EP: 10/28
  1594 | D:2      | Acquired Makhleb's first power
  1880 | D:3      | Noticed an ogre
  1884 | D:3      | Killed an ogre
  1884 | D:3      | Reached skill level 5 in Polearms
  1884 | D:3      | Reached XP level 4. EP: 30/35
  1884 | D:3      | Reached XP level 5. EP: 36/43
  2036 | D:3      | Noticed a yellow wasp
  2055 | D:3      | Slain by a yellow wasp

Action                   |  1- 3 |  4- 6 || total
-------------------------+-------+-------++-------
Melee: Spear             |    59 |       ||    59
       Trident           |   121 |    23 ||   144
Throw: Dagger            |     2 |       ||     2
  Use: Potion            |     5 |       ||     5
       Scroll            |     8 |       ||     8
